[Event "Team 45 45 League T70"]
[Site "Internet Chess Club"]
[Date "2016.10.29"]
[Round "8"]
[White "az2112"]
[Black "viktory"]
[Result "1-0"]
[WhiteElo "1605"]
[BlackElo "1643"]
[Opening "Torre attack (Tartakower variation)"]
[ECO "D03"]
[Time "12:03:31"]
[TimeControl "2700+45"]

1. d4 d5 2. Nf3 Nf6 3. Bg5 Ne4 4. Bh4 h6 5. Nbd2 g5 6. Bg3 Bf5 7. Nxe4 Bxe4 8.
e3 Bg7 9. Bd3 Bxd3 10. Qxd3 c6 11. Be5 O-O 12. Bxg7 Kxg7 13. O-O Qd7 14. Ne5 Qc7
15. f4 f5 16. fxg5 e6 17. gxh6+ Kxh6 18. e4 Nd7 19. Qh3+ Kg7 20. Qg3+ Kf6 21.
Ng4+ {Black resigns} 1-0

[Event "Team 45 45 League T70"]
[Site "Internet Chess Club"]
[Date "2016.10.29"]
[Round "8"]
[White "EFXBT"]
[Black "ChessMaine"]
[Result "0-1"]
[WhiteElo "1493"]
[BlackElo "1534"]
[Opening "QGD: classical variation (5.Bf4)"]
[ECO "D37"]
[Time "19:01:37"]
[TimeControl "2700+45"]

1. d4 d5 2. c4 e6 3. Nc3 Nf6 4. Nf3 Be7 5. Bf4 O-O 6. e3 c5 7. dxc5 Bxc5 8. Be2
dxc4 9. Bxc4 Qb6 10. Rb1 Bb4 11. O-O Bxc3 12. bxc3 Qa5 13. Qc2 Nbd7 14. Rfd1 Nb6
15. Be2 Nbd5 16. Be5 Nd7 17. Bd6 Qxc3 18. Qxc3 Nxc3 19. Bxf8 Kxf8 20. Re1 Nxb1
21. Rxb1 b6 22. Nd4 Bb7 23. Rc1 Nc5 24. Nb3 Rc8 25. Nxc5 Rxc5 26. Rxc5 bxc5 27.
Bc4 Bd5 28. Bb3 Bxb3 29. axb3 Ke7 30. Kf1 Kd6 31. Ke2 Kd5 32. Kd3 f5 33. f3 g5
34. g3 h5 35. h3 Kc6 36. Kc4 e5 37. e4 f4 38. gxf4 gxf4 39. h4 a6 40. b4 cxb4
41. Kxb4 a5+ 42. Kxa5 Kc5 43. Ka4 Kd4 44. Kb5 Ke3 45. Kc5 Kxf3 46. Kd5 Ke3 47.
Kxe5 f3 48. Kf5 f2 49. e5 f1=Q+ 50. Ke6 Qh3+ 51. Kf6 Qxh4+ {White resigns} 0-1

[Event "Team 45 45 League T70"]
[Site "Internet Chess Club"]
[Date "2016.10.29"]
[Round "8"]
[White "seattleblues"]
[Black "mattwang"]
[Result "1-0"]
[WhiteElo "1356"]
[BlackElo "1253"]
[Opening "QGD: Semi-Tarrasch defense"]
[ECO "D40"]
[Time "21:05:24"]
[TimeControl "2700+45"]

1. d4 d5 2. Nf3 Nf6 3. c4 e6 4. Nc3 c5 5. dxc5 Bxc5 6. Bf4 Nbd7 7. e3 O-O 8. Be2
Re8 9. O-O Nb6 10. cxd5 Nbxd5 11. Nxd5 Nxd5 12. Bg3 Qf6 13. Rc1 Nxe3 14. fxe3
Bxe3+ 15. Kh1 Bxc1 16. Qxc1 Qe7 17. Ne5 f6 18. Nc4 Bd7 19. Nd6 Reb8 20. Ne4 Rc8
21. Qd2 e5 22. b3 Rd8 23. Qb2 Rac8 24. Bf2 Bf5 25. Bc4+ Be6 26. Bxe6+ Qxe6 27.
Nc5 Qc6 28. Qb1 b6 29. Nd3 Qd6 30. Rd1 Qe6 31. Nb2 Rxd1+ 32. Qxd1 e4 33. Nc4 b5
34. Ne3 f5 35. Nc2 f4 36. Bxa7 e3 37. Nd4 Rd8 38. h3 e2 39. Qe1 Qe7 40. Bb6 Rd6
41. Bc5 Rxd4 42. Bxd4 Qe4 43. Bf2 f3 44. gxf3 Qxf3+ 45. Kg1 Qd3 46. Qa5 Qd1+ 47.
Qe1 Kf7 48. Kg2 Kg6 49. Kf3 Qd3+ 50. Be3 Qf5+ 51. Kxe2 Qc2+ 52. Qd2 Qxd2+ 53.
Kxd2 Kf5 54. h4 Kg4 55. Bg5 h6 56. Bd8 g5 57. hxg5 hxg5 58. Kc3 Kh5 59. Bxg5
Kxg5 60. Kb4 {Black resigns} 1-0

[Event "Team 45 45 League T70"]
[Site "Internet Chess Club"]
[Date "2016.10.30"]
[Round "8"]
[White "KnightmanAJ"]
[Black "Conjurer"]
[Result "1-0"]
[WhiteElo "1309"]
[BlackElo "1327"]
[Opening "Sicilian defense"]
[ECO "B33"]
[Time "13:58:25"]
[TimeControl "2700+45"]

1. e4 c5 2. Nf3 Nc6 3. d4 cxd4 4. Nxd4 Nf6 5. Nc3 a6 6. Bg5 e6 7. f4 Be7 8. g4
Nxd4 9. Qxd4 Nxg4 10. Bxe7 Qxe7 11. Qxg7 Qh4+ 12. Kd2 Qf2+ 13. Ne2 Rf8 14. Qxg4
f5 15. Qh5+ Rf7 16. exf5 exf5 17. Rg1 d5 18. Rg7 Be6 19. Rg8+ Ke7 20. Rxa8 Rf8
21. Rxf8 Kxf8 22. Qh6+ Ke8 23. Qxe6+ {Black resigns} 1-0